AoeStats
← Curicacas

Arabia

505500089Analyzed
1v1 RM · 24d ago on Sep 9, 2026· 42m 31s· 2 players
Game mode
Random Map
Map size
Tiny (2 player)
Population
200
Speed
Normal
Resources
Standard
Victory
Conquest
Starting age
Dark Age
Ending age
Imperial Age
RankedLock teamsTeams togetherTeam positionsShared explorationLock speedFull tech treeHidden civsTurbo modeCheats
Victory
Defeat
🇦🇷 Hindustanis · Argentina
701
+17
🇧🇷 Japanese · Brazil
720
-17
Valija Juliana Cocinera
10:16 Feudal Age
11:41 Double-Bit Axe
11:44 Horse Collar
15:18 Loom
21:35 Castle Age
20:35 Man-at-Arms
21:43 Crossbowman
22:53 Fletching
23:12 Scale Mail Armor
23:13 Elite Skirmisher
24:13 Thumb Ring
24:46 Arson
25:48 Padded Archer Armor
26:49 Bodkin Arrow
29:11 Bow Saw
29:07 Heavy Plow
30:46 Pikeman
32:40 Forging
32:56 Leather Archer Armor
38:54 Squires
40:10 Scale Barding Armor
41:47 Iron Casting
41:41 Chain Mail Armor
Curicacas
8:22 Loom
10:33 Feudal Age
12:57 Double-Bit Axe
12:54 Horse Collar
14:45 Wheelbarrow
14:25 Bloodlines
19:01 Gold Mining
19:07 Fletching
19:37 Town Watch
23:39 Castle Age
22:42 Padded Archer Armor
22:54 Forging
22:44 Scale Mail Armor
23:15 Stone Mining
25:48 Scale Barding Armor
28:50 Iron Casting
28:31 Chain Mail Armor
30:22 Gold Shaft Mining
29:51 Heavy Plow
30:14 Elite Skirmisher
31:13 Leather Archer Armor
32:42 Bodkin Arrow
32:55 Pikeman
Connection lost

Rejoining the realm…

Still unreachable

The connection could not be restored.

Session expired

The server has moved on; the page needs a fresh start.